[Event "WYCC U14 Girls 2019"]
[Site "Mumbai"]
[Date "2019.10.12"]
[Round "11.6"]
[White "Ince, Safiye Oyku"]
[Black "Poliakova, Varvara"]
[Result "0-1"]
[ECO "C26"]
[WhiteElo "1840"]
[BlackElo "2042"]
[Annotator "NA"]
[PlyCount "112"]
[EventDate "2019.10.02"]
[EventType "swiss"]
[EventCountry "IND"]
[SourceTitle "playchess.com"]
[Source "ChessBase"]
[SourceQuality "1"]
[TimeControl "40/5400+30:1800+30"]

1. e4 e5 2. Nc3 Nf6 3. g3 Bc5 4. Bg2 Nc6 5. d3 O-O 6. Nge2 Re8 7. O-O a6 8. h3 Ne7 9. Bg5 Ng6 10. Nd5 c6 11. Nxf6+ gxf6 12. Be3 Bb6 13. Bxb6 Qxb6 14. d4 d6 15. f4 exd4 16. Nxd4 f5 17. exf5 Bxf5 18. Rf2 Bd7 19. f5 Ne5 20. f6 Kh8 21. Be4 Rg8 22. Kh2 Rg5 23. Rf4 Ng6 24. h4 Re5 25. Bxg6 hxg6 26. Qd2 Kh7 27. h5 Rxh5+ 28. Rh4 Qc5 29. Re1 Rxh4+ 30. gxh4 Re8 31. Rxe8 Bxe8 32. Nf3 Bd7 33. Qe2 Kg8 34. Qd2 Kh7 35. Qe2 Kg8 36. Kg3 Be6 37. Qd2 Kf8 38. Kh2 Kg8 39. Kg3 Kf8 40. Kh2 Kg8 41. Kg3 Kf8 42. Qh6+ Ke8 43. Qh8+ Kd7 44. Qf8 Kc7 45. Qe7+ Kb6 46. Ng5 Qe5+ 47. Kf3 Bd5+ 48. Kf2 Qxb2 49. Nxf7 Qxc2+ 50. Kg3 Qg2+ 51. Kf4 Qf3+ 52. Kg5 Qh5+ 53. Kf4 Bxf7 54. Qxd6 Qxh4+ 55. Ke3 Qg5+ 56. Kf2 Qc5+ 0-1

[Event "WYCC U14 Girls 2019"]
[Site "Mumbai"]
[Date "2019.10.12"]
[Round "11.7"]
[White "Swara Lakshmi S Nair"]
[Black "Wikar, Martyna"]
[Result "0-1"]
[ECO "B90"]
[WhiteElo "1536"]
[BlackElo "1969"]
[Annotator "NA"]
[PlyCount "156"]
[EventDate "2019.10.02"]
[EventType "swiss"]
[EventCountry "IND"]
[SourceTitle "playchess.com"]
[Source "ChessBase"]
[SourceQuality "1"]
[TimeControl "40/5400+30:1800+30"]

1. e4 c5 2. Nf3 d6 3. d4 cxd4 4. Nxd4 Nf6 5. Nc3 a6 6. Bc4 e6 7. O-O b5 8. Bb3 Be7 9. f4 O-O 10. Qf3 Qc7 11. a3 Nc6 12. Be3 Bb7 13. Rad1 Rfd8 14. f5 Nxd4 15. Bxd4 e5 16. Be3 Bc6 17. Bg5 Qb6+ 18. Kh1 Rac8 19. Bxf6 Bxf6 20. Bd5 Be8 21. Bb3 Bc6 22. Qh5 Rd7 23. Bd5 Qd8 24. Rf2 h6 25. Bxc6 Rxc6 26. Nd5 Rc4 27. Re2 Kh7 28. c3 a5 29. Re3 Bg5 30. Re2 Bf6 31. Re3 a4 32. Rde1 Bh4 33. Rd1 Bg5 34. Re2 Bf6 35. Rf1 Rb7 36. Rf3 Rd7 37. Rh3 Rb7 38. Re1 Rd7 39. Re2 Rb7 40. Re1 Ra7 41. Rd3 Rb7 42. Qf3 Rd7 43. Red1 Rc5 44. Nb4 Bg5 45. Rd5 Kg8 46. Qd3 Qb6 47. Rxd6 Rxd6 48. Qxd6 Qxd6 49. Rxd6 Rc4 50. Nd3 Rxe4 51. Kg1 Re2 52. Kf1 Rd2 53. Rd5 e4 54. Nb4 Rxb2 55. Rxb5 e3 56. Re5 Rb3 57. h4 Bxh4 58. Rxe3 Rxa3 59. Re8+ Kh7 60. Ra8 Rxc3 61. Rxa4 Rc4 62. Ke2 Be7 63. Ra7 Bxb4 64. Rxf7 Kg8 65. Rb7 Bd6 66. Rb6 Be5 67. Rg6 Bf6 68. g4 Kf7 69. Kf3 Rc3+ 70. Kf2 Ke7 71. Ke2 Kd6 72. Kd2 Ra3 73. Ke2 Ke5 74. Kf1 Ra2 75. Kg1 Kf4 76. Kf1 Ke3 77. Kg1 Kf3 78. Kh1 Kg3 0-1

[Event "WYCC U14 Girls 2019"]
[Site "Mumbai"]
[Date "2019.10.12"]
[Round "11.8"]
[White "Ishvi Aggarwal"]
[Black "Kurmangaliyeva, Liya"]
[Result "0-1"]
[ECO "D47"]
[WhiteElo "1935"]
[BlackElo "1936"]
[Annotator "NA"]
[PlyCount "98"]
[EventDate "2019.10.02"]
[EventType "swiss"]
[EventCountry "IND"]
[SourceTitle "playchess.com"]
[Source "ChessBase"]
[SourceQuality "1"]
[TimeControl "40/5400+30:1800+30"]

1. d4 d5 2. c4 c6 3. Nf3 Nf6 4. Nc3 e6 5. e3 Nbd7 6. Bd3 dxc4 7. Bxc4 b5 8. Bd3 Bb7 9. O-O Be7 10. e4 a6 11. e5 Nd5 12. Nxd5 cxd5 13. Be3 O-O 14. Ne1 f5 15. exf6 Bxf6 16. Qh5 g6 17. Qg4 Qe7 18. Nf3 Rae8 19. Rac1 Bc8 20. Qg3 e5 21. dxe5 Nxe5 22. Bc5 Qd8 23. Nxe5 Bxe5 24. f4 Bxb2 25. Rc2 Qf6 26. Bxf8 Rxf8 27. f5 Bd7 28. Rf3 Be5 29. Qe1 g5 30. Re2 Bf4 31. g3 Bd6 32. h3 Kh8 33. Rf1 Qd4+ 34. Kh1 Qxd3 35. Re3 Qd4 36. Re7 Bxe7 37. Qxe7 Qg7 38. Qd6 Bxf5 39. Kg1 Qf6 40. Qxd5 Kg7 41. g4 Be4 42. Rxf6 Bxd5 43. Rxa6 Rf3 44. Rb6 Rg3+ 45. Kf2 Rg2+ 46. Ke3 Bc4 47. Rb7+ Kf6 48. Rxh7 Rxa2 49. Rh6+ Ke5 {[%emt 0:09:43] Kd4+} 0-1

[Event "WYCC U14 Girls 2019"]
[Site "Mumbai"]
[Date "2019.10.12"]
[Round "11.9"]
[White "Ghomi, Parnian"]
[Black "Obada, Ema"]
[Result "1-0"]
[ECO "A45"]
[WhiteElo "1948"]
[BlackElo "1987"]
[Annotator "NA"]
[PlyCount "107"]
[EventDate "2019.10.02"]
[EventType "swiss"]
[EventCountry "IND"]
[SourceTitle "playchess.com"]
[Source "ChessBase"]
[SourceQuality "1"]
[TimeControl "40/5400+30:1800+30"]

1. d4 Nf6 2. Bf4 e6 3. e3 b6 4. Nf3 Bb7 5. Nbd2 Be7 6. Bd3 c5 7. c3 Nc6 8. h3 Rc8 9. O-O O-O 10. Re1 d5 11. Qe2 Bd6 12. Ne5 Qc7 13. Ng4 Nxg4 14. Bxd6 Qxd6 15. Qxg4 e5 16. Rad1 e4 17. Bb1 f5 18. Qe2 Rce8 19. dxc5 bxc5 20. Qb5 Rb8 21. Nb3 Ba8 22. Qxc5 Qxc5 23. Nxc5 Rxb2 24. Rxd5 Ne7 25. Rd7 Nd5 26. Na4 Rd2 27. c4 Bc6 28. Rxa7 Nb4 29. Nc5 Rc8 30. Nb3 Rb2 31. Nd4 g6 32. a3 Nd3 33. Bxd3 exd3 34. Nxc6 Rxc6 35. Rd1 d2 36. Rd7 Rxc4 37. R7xd2 Rb3 38. Rd3 Rb2 39. Rd7 Rc3 40. Ra7 Rb8 41. a4 Rc4 42. a5 f4 43. exf4 Rxf4 44. Rd2 Ra4 45. a6 Rc8 46. Rdd7 Ra2 47. Rg7+ Kh8 48. Rxh7+ Kg8 49. Rhg7+ Kf8 50. Rxg6 Rc1+ 51. Kh2 Rxf2 52. Rb7 Ra1 53. a7 Rfa2 54. Rc6 1-0

[Event "WYCC U14 Girls 2019"]
[Site "Mumbai"]
[Date "2019.10.12"]
[Round "11.10"]
[White "Dhyana Patel"]
[Black "Alekseenko, Mariya"]
[Result "1/2-1/2"]
[ECO "B31"]
[WhiteElo "1995"]
[BlackElo "1767"]
[Annotator "NA"]
[PlyCount "138"]
[EventDate "2019.10.02"]
[EventType "swiss"]
[EventCountry "IND"]
[SourceTitle "playchess.com"]
[Source "ChessBase"]
[SourceQuality "1"]
[TimeControl "40/5400+30:1800+30"]

1. e4 c5 2. Nf3 Nc6 3. Bb5 g6 4. Bxc6 dxc6 5. h3 Bg7 6. d3 Nh6 7. Nc3 f6 8. Be3 b6 9. Qd2 Nf7 10. Nh2 e5 11. O-O-O Qe7 12. Kb1 Be6 13. f4 O-O-O 14. g4 exf4 15. Bxf4 Nd6 16. Qg2 Kb7 17. Rhe1 Rhe8 18. Nf3 Nf7 19. Nd2 Ne5 20. Nf3 Bh8 21. Bxe5 fxe5 22. Rf1 c4 23. dxc4 Bxc4 24. Rfe1 Rf8 25. Nd2 Be6 26. Qe2 Qh4 27. Rh1 Bg7 28. Rde1 Qf2 29. Rh2 Qxe2 30. Rhxe2 Bh6 31. Rd1 Rf7 32. b3 Rfd7 33. Kb2 Bf4 34. Ncb1 b5 35. Kc3 a5 36. a3 h5 37. Kb2 g5 38. Rg2 Rd4 39. Kc1 c5 40. Re1 b4 41. Ree2 R4d7 42. Kb2 hxg4 43. hxg4 Rh7 44. Nf3 Rh5 45. Ne1 Rh4 46. Nd3 Bxg4 47. Ref2 Rxd3 48. cxd3 Bh3 49. Rg1 g4 50. axb4 axb4 51. Kc2 g3 52. Rf3 Rg4 53. Nd2 Rg8 54. Nb1 Rg4 55. Nd2 Rg8 56. Nf1 Bg4 57. Rfxg3 Bxg3 58. Rxg3 Be6 59. Rxg8 Bxg8 60. Nd2 Kc6 61. Kd1 Kd7 62. Ke2 Ke6 63. Kf3 Kf6 64. Kg4 Bf7 65. Kh4 Kg6 66. Kg4 Kf6 67. Kh4 Kg6 68. Nc4 Bxc4 69. dxc4 Kh6 1/2-1/2

[Event "WYCC U14 Girls 2019"]
[Site "Mumbai"]
[Date "2019.10.12"]
[Round "11.11"]
[White "Hakobyan, Astghik"]
[Black "Marium Fatima"]
[Result "1-0"]
[ECO "C18"]
[WhiteElo "1978"]
[BlackElo "1628"]
[Annotator "NA"]
[PlyCount "89"]
[EventDate "2019.10.02"]
[EventType "swiss"]
[EventCountry "IND"]
[SourceTitle "playchess.com"]
[Source "ChessBase"]
[SourceQuality "1"]
[TimeControl "40/5400+30:1800+30"]

1. e4 e6 2. d4 d5 3. Nc3 Bb4 4. e5 c5 5. a3 Bxc3+ 6. bxc3 Ne7 7. Qg4 O-O 8. Nf3 c4 9. h4 Nbc6 10. h5 Qa5 11. Bd2 f5 12. Qf4 Bd7 13. Rg1 Kf7 14. Ng5+ Ke8 15. h6 gxh6 16. Nxh7 Rh8 17. Qxh6 Kd8 18. Qg7 Kc7 19. Nf6 Rad8 20. Be2 Qa4 21. Kd1 Qb5 22. Kc1 Qa5 23. Bh5 Kc8 24. Bf7 a6 25. Nxd7 Kxd7 26. Qf6 Kc7 27. Bxe6 Rdf8 28. Bf7 Kb8 29. e6 Ka8 30. Kb2 Qb5+ 31. Kc1 Qa5 32. f3 Nc8 33. Qxf5 Nd6 34. Qf6 Nxf7 35. exf7 Rh7 36. f4 Rhxf7 37. Qh4 Qb6 38. Qf2 Ne7 39. Qf3 Qd6 40. g4 Ng6 41. f5 Ne7 42. Kb2 Qb6+ 43. Ka2 Qa5 44. Rg2 Nc6 45. Bf4 1-0

[Event "WYCC U14 Girls 2019"]
[Site "Mumbai"]
[Date "2019.10.12"]
[Round "11.11"]
[White "Hakobyan, Astghik"]
[Black "Marium Fatima"]
[Result "*"]
[ECO "C18"]
[WhiteElo "1978"]
[BlackElo "1628"]
[Annotator "NA"]
[PlyCount "62"]
[EventDate "2019.10.02"]
[EventType "swiss"]
[EventCountry "IND"]
[SourceTitle "playchess.com"]
[Source "ChessBase"]
[SourceQuality "1"]
[TimeControl "40/5400+30:1800+30"]

1. e4 e6 2. d4 d5 3. Nc3 Bb4 4. e5 c5 5. a3 Bxc3+ 6. bxc3 Ne7 7. Qg4 O-O 8. Nf3 c4 9. h4 Nbc6 10. h5 Qa5 11. Bd2 f5 12. Qf4 Bd7 13. Rg1 Kf7 14. Ng5+ Ke8 15. h6 gxh6 16. Nxh7 Rh8 17. Qxh6 Kd8 18. Qg7 Kc7 19. Nf6 Rad8 20. Be2 Qa4 21. Kd1 Qb5 22. Kc1 Qa5 23. Bh5 Kc8 24. Bf7 a6 25. Nxd7 Kxd7 26. Qf6 Kc7 27. Bxe6 Rdf8 28. Bf7 Kb8 29. e6 Ka8 30. Kb2 Qb5+ 31. Ka2 Qa4 *

[Event "WYCC U14 Girls 2019"]
[Site "Mumbai"]
[Date "2019.10.12"]
[Round "11.12"]
[White "Zhuang, Yongzhe"]
[Black "De Rycke, Tyani"]
[Result "0-1"]
[ECO "A08"]
[WhiteElo "1696"]
[BlackElo "1891"]
[Annotator "NA"]
[PlyCount "76"]
[EventDate "2019.10.02"]
[EventType "swiss"]
[EventCountry "IND"]
[SourceTitle "playchess.com"]
[Source "ChessBase"]
[SourceQuality "1"]
[TimeControl "40/5400+30:1800+30"]

1. e4 c5 2. Nf3 e6 3. d3 Nc6 4. g3 d5 5. Nbd2 Nf6 6. Bg2 Be7 7. O-O O-O 8. Re1 Qc7 9. Qe2 b6 10. e5 Nd7 11. Nf1 Ba6 12. Bf4 Rab8 13. h4 Rfc8 14. N1h2 b5 15. Ng5 Bxg5 16. hxg5 c4 17. dxc4 bxc4 18. c3 Nc5 19. Ng4 Nd7 20. Nh2 Nc5 21. Ng4 Nd3 22. Reb1 Ne7 23. Bc1 Nf5 24. Bf4 Rb6 25. Ne3 Ne7 26. Nc2 Rcb8 27. Nb4 Nxb4 28. cxb4 Rxb4 29. Qc2 Qb6 30. b3 Nf5 31. Bd2 Ne7 32. Bf4 Nf5 33. Bd2 Nd4 34. Qd1 c3 35. Be3 c2 36. Qxc2 Nxc2 37. Bd4 Rb5 38. Bxb6 R5xb6 0-1